 Dungeon Crawl Stone Soup version 0.23-a0-584-g44dd78f (webtiles) character file.

9 Inarius the Chopper (level 2, 21/24 HPs)
             Began as a Demonspawn Chaos Knight on Dec 17, 2018.
             Was a Plaything of Xom.
             Got out of the dungeon alive.
             The game lasted 00:00:31 (353 turns).

Inarius the Chopper (Demonspawn Chaos Knight)        Turns: 353, Time: 00:00:32

Health: 21/24      AC:  5    Str: 17    XL:     2   Next: 3%
Magic:  2/2        EV: 11    Int: 13    God:    Xom [..*...]
Gold:   75         SH:  0    Dex: 12    Spells: 1/1 levels left

rFire    . . .     SeeInvis .   a - +0 hand axe (chaos)
rCold    . . .     Gourm    .   (no shield)
rNeg     . . .     Faith    .   b - +2 leather armour
rPois    .         Spirit   .   (no helmet)
rElec    .         Reflect  .   (no cloak)
rCorr    .         Harm     .   (no gloves)
MR       .....                  (no boots)
Stlth    +.........             (no amulet)
HPRegen  0.08/turn              (no ring)
MPRegen  0.08/turn              (no ring)

@: mighty
A: claws 1
a: Renounce Religion


You escaped.
You worshipped Xom.
You were a toy of Xom.
You were not hungry.

You visited 1 branch of the dungeon, and saw 1 of its levels.

You collected 75 gold pieces.

Inventory:

Hand Weapons
 a - a +0 hand axe of chaos (weapon)
Armour
 b - a +2 leather armour (worn)
Jewellery
 h - an uncursed ring of flight {unknown}
Scrolls
 e - a scroll of teleportation {unknown}
 g - a scroll of remove curse {unknown}
Potions
 f - a potion of lignification {unknown}
Comestibles
 c - a ration
 d - 3 chunks of flesh


   Skills:
 + Level 3.0 Fighting
 * Level 3.2 Axes
 + Level 1.7 Armour
 + Level 0.8 Dodging


You had one spell level left.
You didn't know any spells.
Your spell library was empty.

Dungeon Overview and Level Annotations

Branches:
Dungeon (1/15)

Altars:


Innate Abilities, Weirdness & Mutations

You have sharp fingernails.


Message History

You slash the hobgoblin!
You kill the hobgoblin!
You have reached level 2!
You feel monstrous as your demonic heritage exerts itself.
Your demonic ancestry asserts itself...
Your fingernails lengthen.
Xom is mildly amused.
Things that are here:
a +0 club; a hobgoblin corpse You butcher the hobgoblin corpse.
d - 4 chunks of flesh (gained 2)
Things that are here:
a +0 club; a hobgoblin skeleton Some of the chunks of flesh in your inventory have rotted away.
You now have 75 gold pieces (gained 13).
There isn't anything here!
There is an open door here.
There is a staircase leading out of the dungeon here.
Are you sure you want to leave the Dungeon?
This will make you lose the game!
You have escaped!

.#.###..# #.###. ###.....# #.# #.
.#.####.# #.# #.
#.#####.########## #.
#................# #..
#....##.###.####.# #..
....############'############ #..
#.###.......................###..
..##......[.....@............##..
####.....#####.....#####.....##.#
## #....##...##...##...##....##.#
.# #...##..8..##'##..8..##...#...
.# #..##.................##..##.#
.###.##...................##.##.#
.##.............###########..##.#
.#.....########.# #)###.#
........# #.# #.# #.#


There were no monsters in sight!

Vanquished Creatures
  2 bats (D:1)
  A goblin (D:1)
  A hobgoblin (D:1)
  2 frilled lizards (D:1)
  3 rats (D:1)
9 creatures vanquished.

Notes
Turn   | Place    | Note
-------+----------+-------------------------------------------
     0 | D:1      | Inarius the Demonspawn Chaos Knight began the quest for the
                  | Orb.
     0 | D:1      | Reached XP level 1. HP: 18/18 MP: 1/1
   210 | D:1      | XOM: harmless Pois miscast
   292 | D:1      | XOM: potion effect (might)
   309 | D:1      | Gained mutation: You have sharp fingernails. [demonic
                  | ancestry]
   309 | D:1      | Reached XP level 2. HP: 18/24 MP: 2/2
   353 | D:$      | Got out of the dungeon alive.

Vault maps used:
D:1:      giann_horns, corner_web_ring

Skill      XL: |  1 |
---------------+----+-----
Axes           | 3 |  3.2
Fighting       | |  3.0
Armour         | |  1.7
Dodging        | |  0.8

Action                   || total
-------------------------++-------
Melee: Hand axe          ||    16
Armor: Leather armour    ||     1
Dodge: Dodged            ||     9

Table legend:
 A = Non-vault XP
 B = Vault XP
 C = Vault XP percentage of total XP
 D = Non-vault monster count
 E = Vault monster count
 F = Vault count percentage of total count
                 A         B        C        D         E       F
            +---------+---------+-------+---------+---------+-------
      Total |      13 |       0 |   0.0 |       9 |       0 |   0.0
            +---------+---------+-------+---------+---------+-------
        D:1 |      13 |       0 |   0.0 |       9 |       0 |   0.0
            +---------+---------+-------+---------+---------+-------
